 Dungeon Crawl Stone Soup version 0.31-a0-163-gb40cd77e26 (webtiles) character file.

Game seed: 10276304582061449146

146575 qw the Marksnaga (level 17, -21/180 HPs)
             Began as a Naga Hunter on June 12, 2023.
             Was a High Priest of Okawaru.
             Killed from afar by a manticore (24 damage)
             ... with a volley of spikes
             ... on level 1 of the Shoals on June 13, 2023.
             The game lasted 00:13:20 (25088 turns).

qw the Marksnaga (Naga Hunter)                     Turns: 25088, Time: 00:13:20

Health: -21/180    AC: 22    Str: 10    XL:     17   Next: 44%
Magic:  24/24      EV: 28    Int: 10    God:    Okawaru [*****.]
Gold:   2158       SH:  0    Dex: 37    Spells: 16/16 levels left

rFire   + . .        f - +2 triple crossbow (flame)
rCold   + . .        (shield currently unavailable)
rNeg    . . .        c - +3 troll leather armour {Snorg}
rPois   +            (helmet restricted)
rElec   .            i - +0 cloak
rCorr   .            q - +0 pair of gloves
SInv    +            a - +0 barding of Otze {rF+ rC+ Str-3}
Will    +....        e - amulet of faith
Stlth   ++++         t - ring of Hudwi {+Blink Dex+6}
HPRegen 1.30/turn    n - +6 ring of dexterity
MPRegen 0.19/turn

%: faith
@: about to teleport, weak-willed, heroic, marked, spiked, very slow
A: AC +5, large, see invisible, deformed body, poison resistance, slowness 2,
spit poison 1, naga tail 2, beak, agile 1, robust 1, screaming 1
a: Spit Poison, Renounce Religion, Evoke Blink, Heroism, Finesse, Duel


You were on level 1 of the Shoals.
You worshipped Okawaru.
Okawaru was extremely pleased with you.
You visited 6 branches of the dungeon, and saw 27 of its levels.
You also visited: Gauntlet.

You collected 2352 gold pieces.
You spent 194 gold pieces at shops.


Innate Abilities, Weirdness & Mutations

Your serpentine skin is tough. (AC +5)
You have supernaturally acute eyesight. (SInv)
Armour fits poorly on your strangely shaped body.
Your system is resistant to poisons. (rPois)
You cover ground very slowly.
You can spit poison.
You can use your snake-like lower body to constrict enemies.
You have a beak for a mouth.
You are agile. (Dex +4, Str/Int -1)
You are robust. (+10% HP)
You occasionally shout uncontrollably at your foes.


   Skills:
 + Level 13.3(18.3) Fighting
 - Level 20.0(25.0) Ranged Weapons
 - Level 7.0(12.0) Armour
 - Level 12.0(17.0) Dodging
 - Level 1.5(6.5) Stealth
 - Level 10.0 Invocations


You had 16 spell levels left.
You didn't know any spells.
Your spell library was empty.

Inventory:

Hand Weapons
 f - a +2 triple crossbow of flaming (weapon)
Armour
 a - the +0 barding of Otze (worn) {rF+ rC+ Str-3}
   (You acquired it on level 1 of the Dungeon)

   Str:       It affects your strength (-3).
   rF:        It protects you from fire.
   rC:        It protects you from cold.
 c - a +3 troll leather armour (worn) {Snorg}
 d - the +2 barding of Cocytus {Will- Str+3 Stlth+}
   (You acquired it on level 1 of the Dungeon)

   Str:       It affects your strength (+3).
   Will:      It decreases your willpower.
   Stlth:     It makes you more stealthy.
 i - a +0 cloak (worn)
 q - a +0 pair of gloves (worn)
 v - the +1 barding of the Monkey's Uncle {+Blink rN+}
   (Okawaru gifted it to you on level 13 of the Dungeon)

   rN:        It protects you from negative energy.
   +Blink:    It lets you blink.
Jewellery
 b - the ring of Nirhec {rF+ rCorr}
   (You took it off an efreet on level 8 of the Dungeon)

   [ring of resist corrosion]

   rF:        It protects you from fire.
   rCorr:     It protects you from acid and corrosion.
 e - an amulet of faith (around neck)
 m - an amulet of regeneration
 n - a +6 ring of dexterity (right hand)
 t - the ring of Hudwi (left hand) {+Blink Dex+6}
   (You found it in a Gauntlet)

   [ring of dexterity]

   Dex:       It affects your dexterity (+6).
   +Blink:    It lets you blink.
Scrolls
 k - 10 scrolls of teleportation
 l - 12 scrolls of identify
Potions
 j - 11 potions of curing
 o - a potion of haste
 p - 4 potions of mutation
 r - a potion of magic
 s - a potion of might

Dungeon Overview and Level Annotations

Branches:
Dungeon (15/15)            Temple (1/1) D:4            Lair (5/5) D:8
 Shoals (1/4) Lair:3       Spider (3/4) Lair:2        Slime (0/5) Lair:4
    Orc (2/2) D:11            Elf (0/3) Orc:2        Vaults (0/5) D:13
 Depths (0/4) D:15        Gauntlet (visited)

Altars:
Ashenzari
Cheibriados
Dithmenos
Elyvilon
Fedhas
Gozag
Hepliaklqana
Kikubaaqudgha
Makhleb
Nemelex Xobeh
Okawaru
Qazlal
Ru
Sif Muna
Trog
Uskayaw
Vehumet
Wu Jian
Xom
Yredelemnul
Zin
The Shining One
Jiyva

Shops:
D:4 *   D:6 *   Orc:2 [=*(

Portals:
Trove: D:14 (show slimy rune of Zot)

Annotations:
D:5 1 runed translucent door, Crazy Yiuf
Lair:1 3 runed translucent doors, qw's ghost, novice MiHu


Message History

The manticore flicks its tail.
The volley of spikes hits you.
The barbed spikes become lodged in your body.
You shoot a bolt.
The bolt hits the merfolk impaler but does no damage.
The faun points at you and mumbles some strange words.
You resist with some effort.
A merfolk javelineer comes into view.
It is wielding a +1 spear of venom and quivering silver javelins.
The merfolk impaler hits you but does no damage.
The water nymph gestures at you while chanting.
The water swirls and strikes you!
The merfolk javelineer throws a silver javelin.
The silver javelin pierces through you! The silver sears you!
The faun shoots a sling bullet.
The sling bullet completely misses you.
25086 ||| READING 11 scrolls of teleportation.
As you read the scroll of teleportation, it crumbles to dust.
You feel strangely unstable.
The merfolk impaler hits you but does no damage. x2
The water nymph casts a spell at you. The water swirls and strikes you.
The merfolk completely misses you.
The merfolk javelineer throws a silver javelin.
The silver javelin pierces through you! The silver sears you!
The faun shoots a sling bullet.
The sling bullet hits you.
You shoot a bolt. The bolt misses the merfolk impaler.
The bolt hits the sea snake!
The bolt burns the sea snake.
The sea snake is moderately wounded.
The merfolk impaler hits you from afar with a +0 trident.
The merfolk hits you from afar with a +0 trident!
The merfolk javelineer throws a silver javelin.
The silver javelin completely misses you.
The faun shoots a sling bullet.
The sling bullet misses you. The merfolk impaler misses you.
You shoot a bolt. The bolt hits the skyshark!!!
The bolt burns the skyshark!
The skyshark is severely wounded.
The merfolk impaler hits you but does no damage.
The merfolk closely misses you.
The manticore flicks its tail.
The volley of spikes hits you!!
The barbed spikes become lodged in your body.
You die...

~~~~~~~~~~~~~~~~~~
~~~~~~~~~~~~~~~~~~~~ ~~
.~~~~~~~~~~~~~~~~~~
~~~~..~~~~~~~~%~~~~~~~~
~~~..##~~~~...~~~~~~~~~~
~~~~...~~~~.....~~~~~~~~
~~~~~~...~~......~~~~~~m
~~~~~~~~~~...##..~~~~~~~
~~~~~~~~~....##.@lS~~~~~
~~~~~~~~..#......~m~~~~~
~~~~~~~...##..H/.~ml).~~
~~~.~)~..###[.....c)....
~~%))~.............~m)..
~~~~~..............~~~)~
~~<.........~~.....##...
~~......~...~~~~...# #..
~.~~~~~~~~~~~~~~~~~


You could see a merfolk impaler, 2 skysharks, a merfolk javelineer, a sea snake,
a merfolk, a faun, a manticore and a water nymph.

Vanquished Creatures
  Rupert (Orc:2)
  Kirke (D:14)
  Donald (Spider:2)
  3 emperor scorpions (Spider:3)
  2 orc warlords
  2 broodmothers
  A dire elephant (Lair:5)
  Azrael (D:12)
  A minotaur (Gauntlet)
  2 spark wasps (Spider:1)
  Snorg (Lair:3)
  2 merfolk impalers (Shoals:1)
  A fire dragon (D:15)
  An entropy weaver (shapeshifter) (D:15)
  A great orb of eyes (Gauntlet)
  Josephine (D:11)
  4 entropy weavers
  Erolcha (D:11)
  A vault guard (D:13)
  8 hydras
  2 radroaches
  2 jorogumos
  2 two-headed ogres (D:12)
  5 boulder beetles
  2 catoblepae
  11 death yaks
  6 centaur warriors
  3 demonic crawlers
  Urug (D:10)
  A tengu warrior (D:15)
  An orc high priest (Orc:2)
  A spectral dire elephant (Lair:5)
  A deep elf knight (D:15)
  A vampire mage (D:15)
  2 skysharks
  3 pharaoh ants
  2 skeletal warriors (D:15)
  A spectral anaconda (Lair:5)
  A sun moth (Spider:1)
  A sea snake (Shoals:1)
  7 orb spiders
  2 steelbarb worms
  An obsidian statue (Lair:5)
  Pikel (D:9)
  A wizard (D:13)
  A golden dragon skeleton (D:15)
  5 necromancers
  5 orc knights
  3 manticores
  A faun (Shoals:1)
  7 orc sorcerers
  5 cyclopes
  15 ugly things
  11 wolf spiders
  A worldbinder (Gauntlet)
  A frost giant skeleton (D:15)
  2 merfolk sirens (Shoals:1)
  27 elephants
  2 black mambas
  14 cane toads
  A dire elephant zombie (Lair:5)
  2 unseen horrors (D:10)
  2 gargoyles
  3 torpor snails
  A dire elephant skeleton (Lair:5)
  An ice devil (Gauntlet)
  3 efreet
  3 rime drakes
  2 kobold demonologists
  2 merfolk (Shoals:1)
  5 komodo dragons
  A tengu conjurer (D:15)
  A yaktaur (D:13)
  3 meliai (Spider:3)
  6 trolls
  A wind drake (Shoals:1)
  A polar bear (shapeshifter) (D:13)
  8 hornets
  4 polar bears
  A spriggan zombie (D:15)
  Grinder (D:3)
  4 blink frogs (Lair:2)
  13 tarantellas
  A spectral elephant (Lair:5)
  10 dream sheep
  17 jumping spiders
  A snapping turtle (Shoals:1)
  3 slime creatures (D:14)
  6 wyverns
  A vampire (D:9)
  11 culicivoras
  Sigmund (D:2)
  9 wraiths
  2 fire elementals (D:12)
  Eustachio (D:6)
  2 hogs (D:14)
  A human (D:14)
  44 yaks
  A steam dragon (D:9)
  3 basilisks
  45 redbacks
  A spectral cane toad (Lair:5)
  An acid dragon (D:13)
  7 wargs
  3 hell hounds (D:12)
  Duvessa (D:5)
  A glowing shapeshifter skeleton (D:15)
  16 water moccasins
  36 orc warriors
  2 sky beasts (D:8)
  A hornet zombie (D:7)
  2 ice beasts (D:5)
  An elephant zombie (Lair:5)
  A swamp drake (D:11)
  2 elephant skeletons (Lair:5)
  5 ogres
  12 centaurs
  A phantom (D:5)
  5 boggarts
  2 lemures (D:9)
  Blork the orc (D:5)
  2 kobold brigands
  6 necrophages
  10 bullfrogs
  A gnoll sergeant (D:6)
  A scorpion (D:5)
  2 wyvern zombies (D:7)
  A water moccasin zombie (D:7)
  6 wights
  Dowan (D:5)
  9 killer bees
  2 electric eels (Lair:3)
  A vampire bat (D:4)
  A howler monkey (D:9)
  2 jellies
  A centaur zombie (D:7)
  3 gnoll boudas
  10 orc priests
  A human zombie (D:7)
  2 iguanas
  A scorpion zombie (D:4)
  2 sleepcaps (D:8)
  16 orc wizards
  A hound zombie (D:4)
  A mummy (D:7)
  A howler monkey zombie (D:7)
  7 adders
  20 gnolls
  A shadow imp (D:8)
  7 white imps
  An ufetubus (D:7)
  2 adder zombies (D:4)
  2 worms
  3 dart slugs
  84 orcs
  7 ball pythons
  14 bats
  10 endoplasms
  2 giant cockroaches (D:1)
  6 goblins
  A hobgoblin (D:3)
  4 jackals
  24 kobolds
  3 quokkas
  2 frilled lizards
  6 rats
816 creatures vanquished.

Vanquished Creatures (others)
  A death yak (Lair:5)
  A killer bee (D:9)
  An orc wizard (D:5)
3 creatures vanquished.

Grand Total: 819 creatures vanquished

Notes
Turn   | Place    | Note
-------+----------+-------------------------------------------
     0 | D:1      | qw the Naga Hunter began the quest for the Orb.
     0 | D:1      | Reached XP level 1. HP: 19/19 MP: 1/1
     0 | D:1      | 0 ||| qw: Version: 0.2-a-29-gc1b59c4
     0 | D:1      | 0 ||| qw: Game counter: 4436
     0 | D:1      | 0 ||| qw: Always use a shield: true
     0 | D:1      | 0 ||| qw: God list: Okawaru
     0 | D:1      | 0 ||| qw: Allow faded altars: false
     0 | D:1      | 0 ||| qw: Do Orc after D:15 true
     0 | D:1      | 0 ||| qw: Do second Lair branch before Depths: true
     0 | D:1      | 0 ||| qw: Lair rune preference: random
     0 | D:1      | 0 ||| qw: Plans: Normal
     0 | D:1      | 0 ||| PLANNING D:1-11
    12 | D:1      | 12 ||| INVOKING Spit Poison.
    29 | D:1      | 29 ||| INVOKING Spit Poison.
    33 | D:1      | 33 ||| INVOKING Spit Poison.
    43 | D:1      | 43 ||| INVOKING Spit Poison.
    50 | D:1      | 50 ||| INVOKING Spit Poison.
    51 | D:1      | Reached skill level 4 in Ranged Weapons
    51 | D:1      | Reached XP level 2. HP: 26/26 MP: 2/2
   167 | D:1      | 167 ||| INVOKING Spit Poison.
   172 | D:1      | 172 ||| INVOKING Spit Poison.
   173 | D:1      | 173 ||| INVOKING Spit Poison.
   181 | D:1      | 181 ||| INVOKING Spit Poison.
   182 | D:1      | 182 ||| INVOKING Spit Poison.
   248 | D:1      | 248 ||| INVOKING Spit Poison.
   273 | D:1      | 273 ||| INVOKING Spit Poison.
   278 | D:1      | 278 ||| INVOKING Spit Poison.
   316 | D:1      | 316 ||| INVOKING Spit Poison.
   373 | D:1      | Reached XP level 3. HP: 32/32 MP: 3/3
   496 | D:1      | 496 ||| INVOKING Spit Poison.
   533 | D:1      | 533 ||| INVOKING Spit Poison.
   541 | D:1      | 541 ||| INVOKING Spit Poison.
   564 | D:1      | 564 ||| INVOKING Spit Poison.
   620 | D:1      | 620 ||| INVOKING Spit Poison.
   688 | D:1      | 688 ||| INVOKING Spit Poison.
   824 | D:1      | 824 ||| READING 2 scrolls labelled URORIE DUOL.
   824 | D:1      | Identified 2 scrolls of acquirement
   824 | D:1      | 824 ||| ACQUIRING +2 barding of Cocytus {Will- Str+3
                  | Stlth+}
   824 | D:1      | Acquired the +2 barding of Cocytus {Will- Str+3 Stlth+}
   826 | D:1      | 826 ||| UPGRADING to +2 barding of Cocytus {Will- Str+3
                  | Stlth+}.
   831 | D:1      | 831 ||| READING scroll of acquirement.
   831 | D:1      | 831 ||| ACQUIRING +0 barding of Otze {rF+ rC+ Str-3}
   831 | D:1      | Acquired the +0 barding of Otze {rF+ rC+ Str-3}
   833 | D:1      | 833 ||| UPGRADING to +0 barding of Otze {rF+ rC+ Str-3}.
   843 | D:1      | 843 ||| READING scroll labelled WAPIGI QEF WES.
   844 | D:1      | 844 ||| READING scroll labelled CAHI HUSORE.
   848 | D:1      | 848 ||| DRINKING 3 metallic grey potions.
   849 | D:1      | 849 ||| DRINKING 2 amethyst potions.
   850 | D:1      | 850 ||| DROPPING scroll of butterflies.
   851 | D:1      | 851 ||| DROPPING potion of attraction.
   874 | D:2      | 874 ||| INVOKING Spit Poison.
   902 | D:2      | 902 ||| INVOKING Spit Poison.
   925 | D:2      | 925 ||| INVOKING Spit Poison.
   930 | D:2      | 930 ||| INVOKING Spit Poison.
   934 | D:2      | 934 ||| INVOKING Spit Poison.
   974 | D:2      | 974 ||| INVOKING Spit Poison.
   989 | D:2      | 989 ||| INVOKING Spit Poison.
  1011 | D:2      | Noticed Sigmund
  1015 | D:2      | 1015 ||| INVOKING Spit Poison.
  1019 | D:2      | Killed Sigmund
  1020 | D:2      | Reached skill level 6 in Ranged Weapons
  1020 | D:2      | Reached XP level 4. HP: 30/39 MP: 4/4
  1020 | D:2      | Reached XP level 5. HP: 34/45 MP: 5/5
  1067 | D:2      | 1067 ||| INVOKING Spit Poison.
  1112 | D:2      | 1112 ||| INVOKING Spit Poison.
  1134 | D:2      | 1134 ||| INVOKING Spit Poison.
  1138 | D:2      | 1138 ||| INVOKING Spit Poison.
  1217 | D:2      | 1217 ||| INVOKING Spit Poison.
  1349 | D:2      | 1349 ||| INVOKING Spit Poison.
  1422 | D:2      | 1422 ||| READING scroll labelled CUF FAUJASSUAF.
  1423 | D:2      | 1423 ||| READING scroll labelled WEUCHO MEINTUA.
  1439 | D:3      | 1439 ||| PLANNING SEWER
  1457 | D:3      | 1457 ||| FLEEEEING.
  1458 | D:3      | 1458 ||| STAIRDANCE
  1487 | D:3      | 1487 ||| INVOKING Spit Poison.
  1491 | D:3      | 1491 ||| STAIRDANCE
  1493 | D:2      | 1493 ||| INVOKING Spit Poison.
  1496 | D:2      | 1496 ||| INVOKING Spit Poison.
  1526 | D:3      | 1526 ||| INVOKING Spit Poison.
  1531 | D:3      | Reached XP level 6. HP: 53/55 MP: 6/6
  1532 | D:3      | 1532 ||| INVOKING Spit Poison.
  1534 | D:3      | Reached skill level 3 in Fighting
  1560 | D:3      | 1560 ||| INVOKING Spit Poison.
  1565 | D:3      | 1565 ||| INVOKING Spit Poison.
  1567 | D:3      | Found a hide-covered altar of Uskayaw.
  1579 | D:3      | Noticed Grinder
  1587 | D:3      | 1587 ||| INVOKING Spit Poison.
  1590 | D:3      | 1590 ||| INVOKING Spit Poison.
  1593 | D:3      | 1593 ||| INVOKING Spit Poison.
  1599 | D:3      | 1599 ||| INVOKING Spit Poison.
  1605 | D:3      | HP: 12/56 [Grinder (4)]
  1606 | D:3      | 1606 ||| DRINKING 4 potions of heal wounds.
  1607 | D:3      | Paralysed by Grinder for 4 turns
  1611 | D:3      | Killed Grinder
  1612 | D:3      | Reached XP level 7. HP: 33/62 MP: 7/7
  1613 | D:3      | 1613 ||| INVOKING Spit Poison.
  1760 | D:3      | Found a hazy altar of Hepliaklqana.
  1826 | D:3      | 1826 ||| INVOKING Spit Poison.
  1854 | D:3      | 1854 ||| INVOKING Spit Poison.
  1897 | D:3      | Found a sacrificial altar of Ru.
  1957 | D:3      | 1957 ||| RIP SEWER
  1959 | D:3      | 1959 ||| PLANNING D:1-11
  2095 | D:3      | Found a stormy altar of Qazlal.
  2109 | D:3      | Found an opulent altar of Gozag.
  2128 | D:3      | 2128 ||| INVOKING Spit Poison.
  2257 | D:3      | 2257 ||| INVOKING Spit Poison.
  2268 | D:3      | 2268 ||| INVOKING Spit Poison.
  2279 | D:3      | 2279 ||| UPGRADING to +5 ring of evasion.
  2280 | D:3      | 2280 ||| UPGRADING to +6 ring of dexterity.
  2281 | D:3      | 2281 ||| READING 3 scrolls labelled TOVEMEF LOGEIS.
  2282 | D:3      | 2282 ||| READING scroll labelled YTABAE XUFY.
  2283 | D:3      | 2283 ||| READING scroll labelled LUNITHR VOEDDOT.
  2284 | D:3      | 2284 ||| READING scroll labelled FURPHEUTTYPID.
  2285 | D:3      | 2285 ||| DRINKING 5 glowing orange potions.
  2286 | D:3      | 2286 ||| DROPPING 2 scrolls of fear.
  2327 | D:4      | Found Ea-nāṣir's Fine Metal Goods.
  2332 | D:4      | 2332 ||| SHOPLISTING triple crossbow (260 gold, have 108).
  2359 | D:4      | 2359 ||| INVOKING Spit Poison.
  2363 | D:4      | 2363 ||| INVOKING Spit Poison.
  2461 | D:4      | 2461 ||| INVOKING Spit Poison.
  2470 | D:4      | 2470 ||| INVOKING Spit Poison.
  2476 | D:4      | 2476 ||| INVOKING Spit Poison.
  2490 | D:4      | 2490 ||| INVOKING Spit Poison.
  2493 | D:4      | 2493 ||| INVOKING Spit Poison.
  2526 | D:4      | 2526 ||| INVOKING Spit Poison.
  2578 | D:4      | 2578 ||| Stepping ~*~*~tactically~*~*~ (outnumbered).
  2579 | D:4      | 2579 ||| INVOKING Spit Poison.
  2585 | D:4      | 2585 ||| INVOKING Spit Poison.
  2590 | D:4      | 2590 ||| INVOKING Spit Poison.
  2594 | D:4      | 2594 ||| INVOKING Spit Poison.
  2597 | D:4      | HP: 14/64 [jackal (3)]
  2598 | D:4      | 2598 ||| READING 2 scrolls of teleportation.
  2599 | D:4      | 2599 ||| DRINKING 4 potions of heal wounds.
  2600 | D:4      | 2600 ||| INVOKING Spit Poison.
  2708 | D:4      | 2708 ||| INVOKING Spit Poison.
  2714 | D:4      | 2714 ||| INVOKING Spit Poison.
  2782 | D:4      | Found a staircase to the Ecumenical Temple.
  2783 | D:4      | 2783 ||| PLANNING TEMPLE
  2793 | Temple   | Entered the Ecumenical Temple
  2795 | Temple   | 2795 ||| PLANNING OKAWARU WORSHIP
  3109 | Temple   | Became a worshipper of Warmaster Okawaru
  3109 | Temple   | 3109 ||| PLANNING D:1-11
  3172 | D:4      | 3172 ||| INVOKING Spit Poison.
  3223 | D:4      | 3223 ||| INVOKING Spit Poison.
  3316 | D:4      | 3316 ||| INVOKING Spit Poison.
  3322 | D:4      | 3322 ||| INVOKING Spit Poison.
  3328 | D:4      | 3328 ||| INVOKING Spit Poison.
  3364 | D:4      | 3364 ||| INVOKING Spit Poison.
  3429 | D:4      | Found a blossoming altar of Fedhas.
  3606 | D:4      | 3606 ||| INVOKING Spit Poison.
  3610 | D:4      | 3610 ||| INVOKING Spit Poison.
  3614 | D:4      | Reached skill level 7 in Ranged Weapons
  3729 | D:4      | Reached XP level 8. HP: 72/72 MP: 8/8
  3749 | D:4      | Reached * piety under Okawaru
  3750 | D:4      | 3750 ||| READING scroll labelled BEARAY TEICUEH.
  3751 | D:4      | 3751 ||| READING scroll labelled WOHIHE HONETOORPH.
  3752 | D:4      | 3752 ||| DRINKING 2 green potions.
  3752 | D:4      | Gained mutation: You are occasionally teleported next to
                  | monsters. [potion of mutation]
  3753 | D:4      | 3753 ||| DRINKING potion of mutation.
  3753 | D:4      | Lost mutation: You are occasionally teleported next to
                  | monsters. [potion of mutation]
  3753 | D:4      | Gained mutation: You have hidden genetic potential. [potion
                  | of mutation]
  3753 | D:4      | Gained mutation: You occasionally shout uncontrollably at
                  | your foes. [potion of mutation]
  3753 | D:4      | Gained mutation: You are agile. (Dex +4, Str/Int -1)
                  | [potion of mutation]
  3820 | D:5      | Entered Level 5 of the Dungeon
  3821 | D:5      | 3821 ||| INVOKING Spit Poison.
  3828 | D:5      | 3828 ||| INVOKING Spit Poison.
  3838 | D:5      | Reached skill level 1 in Invocations
  3855 | D:5      | Noticed Blork the orc
  3856 | D:5      | 3856 ||| INVOKING Heroism.
  3860 | D:5      | 3860 ||| INVOKING Spit Poison.
  3864 | D:5      | 3864 ||| INVOKING Spit Poison.
  3864 | D:5      | Killed Blork the orc
  3865 | D:5      | Reached skill level 3 in Dodging
  3913 | D:5      | 3913 ||| INVOKING Spit Poison.
  3916 | D:5      | Reached skill level 3 in Invocations
  3962 | D:5      | 3962 ||| INVOKING Heroism.
  3966 | D:5      | Reached skill level 8 in Ranged Weapons
  4093 | D:5      | 4093 ||| INVOKING Spit Poison.
  4098 | D:5      | 4098 ||| INVOKING Spit Poison.
  4187 | D:5      | 4187 ||| INVOKING Spit Poison.
  4194 | D:5      | 4194 ||| INVOKING Spit Poison.
  4438 | D:5      | Found a runed translucent door.
  4439 | D:5      | Noticed Crazy Yiuf
  4536 | D:5      | Noticed Duvessa
  4536 | D:5      | Noticed Dowan
  4537 | D:5      | 4537 ||| INVOKING Heroism.
  4538 | D:5      | 4538 ||| Stepping ~*~*~tactically~*~*~ (outnumbered).
  4539 | D:5      | 4539 ||| INVOKING Spit Poison.
  4543 | D:5      | Killed Dowan
  4547 | D:5      | 4547 ||| INVOKING Spit Poison.
  4554 | D:5      | Killed Duvessa
  4555 | D:5      | Reached XP level 9. HP: 31/81 MP: 10/12
  4836 | D:5      | 4836 ||| DRINKING 2 glowing coppery potions.
  4837 | D:5      | 4837 ||| DROPPING potion of degeneration.
  4894 | D:6      | 4894 ||| INVOKING Spit Poison.
  4896 | D:6      | 4896 ||| INVOKING Heroism.
  4902 | D:6      | 4902 ||| INVOKING Spit Poison.
  4908 | D:6      | Gained mutation: You are robust. (+10% HP) [hidden
                  | potential]
  4981 | D:6      | 4981 ||| INVOKING Spit Poison.
  5004 | D:6      | 5004 ||| INVOKING Spit Poison.
  5023 | D:6      | 5023 ||| SWAPPING to +0 orcbow.
  5026 | D:6      | 5026 ||| Stepping ~*~*~tactically~*~*~ (outnumbered).
  5028 | D:6      | 5028 ||| Stepping ~*~*~tactically~*~*~ (outnumbered).
  5029 | D:6      | 5029 ||| INVOKING Spit Poison.
  5036 | D:6      | 5036 ||| INVOKING Spit Poison.
  5038 | D:6      | Reached skill level 9 in Ranged Weapons
  5148 | D:6      | Found a broken altar of Ashenzari.
  5240 | D:6      | Found Xagur Rikh's General Store.
  5243 | D:6      | 5243 ||| BUYING 2 potions of curing (78 gold).
  5243 | D:6      | Bought 2 potions of curing for 78 gold pieces
  5243 | D:6      | 5243 ||| BUYING scroll of identify (26 gold).
  5243 | D:6      | Bought a scroll of identify for 26 gold pieces
  5271 | D:6      | 5271 ||| INVOKING Spit Poison.
  5274 | D:6      | 5274 ||| INVOKING Spit Poison.
  5278 | D:6      | 5278 ||| INVOKING Spit Poison.
  5285 | D:6      | 5285 ||| INVOKING Spit Poison.
  5361 | D:6      | Noticed Eustachio
  5363 | D:6      | 5363 ||| INVOKING Heroism.
  5367 | D:6      | 5367 ||| INVOKING Spit Poison.
  5370 | D:6      | 5370 ||| Stepping ~*~*~tactically~*~*~ (outnumbered).
  5373 | D:6      | 5373 ||| INVOKING Spit Poison.
  5374 | D:6      | Killed Eustachio
  5410 | D:6      | Found a glowing golden altar of the Shining One.
  5415 | D:6      | 5415 ||| UPGRADING to +1 leather armour of fire resistance.
  5425 | D:6      | 5425 ||| DROPPING +0 leather armour.
  5426 | D:6      | 5426 ||| DROPPING ring of ice.
  5427 | D:6      | 5427 ||| READING 2 scrolls of identify.
  5427 | D:6      | 5427 ||| IDENTIFYING dark potion
  5428 | D:6      | 5428 ||| DROPPING potion of invisibility.
  5452 | D:7      | 5452 ||| INVOKING Spit Poison.
  5515 | D:7      | 5515 ||| INVOKING Spit Poison.
  5516 | D:7      | 5516 ||| Stepping ~*~*~tactically~*~*~ (outnumbered).
  5518 | D:7      | 5518 ||| Stepping ~*~*~tactically~*~*~ (outnumbered).
  5521 | D:7      | 5521 ||| INVOKING Spit Poison.
  5528 | D:7      | 5528 ||| INVOKING Spit Poison.
  5531 | D:7      | 5531 ||| INVOKING Spit Poison.
  5580 | D:7      | 5580 ||| INVOKING Spit Poison.
  5622 | D:7      | 5622 ||| INVOKING Heroism.
  5624 | D:7      | 5624 ||| INVOKING Spit Poison.
  5628 | D:7      | Reached skill level 6 in Fighting
  5628 | D:7      | 5628 ||| INVOKING Spit Poison.
  5633 | D:7      | 5633 ||| INVOKING Spit Poison.
  5734 | D:7      | Reached ** piety under Okawaru
  5747 | D:7      | Found an ancient bone altar of Kikubaaqudgha.
  5773 | D:7      | 5773 ||| INVOKING Heroism.
  5785 | D:7      | Reached skill level 10 in Ranged Weapons
  6127 | D:7      | 6127 ||| DRINKING 2 sedimented coppery potions.
  6128 | D:7      | 6128 ||| READING 2 scrolls of identify.
  6128 | D:7      | 6128 ||| IDENTIFYING bubbling brown potion
  6129 | D:7      | 6129 ||| DROPPING potion of enlightenment.
  6229 | D:8      | Reached XP level 10. HP: 98/99 MP: 13/13
  6244 | D:8      | 6244 ||| INVOKING Spit Poison.
  6262 | D:8      | 6262 ||| INVOKING Spit Poison.
  6295 | D:8      | 6295 ||| INVOKING Spit Poison.
  6313 | D:8      | Gained mutation: You have a beak for a mouth. [hidden
                  | potential]
  6313 | D:8      | Lost mutation: You have hidden genetic potential. [hidden
                  | potential expressed]
  6320 | D:8      | 6320 ||| INVOKING Heroism.
  6321 | D:8      | 6321 ||| INVOKING Spit Poison.
  6326 | D:8      | 6326 ||| INVOKING Spit Poison.
  6374 | D:8      | 6374 ||| INVOKING Spit Poison.
  6566 | D:8      | 6566 ||| INVOKING Spit Poison.
  6570 | D:8      | 6570 ||| INVOKING Spit Poison.
  6574 | D:8      | 6574 ||| INVOKING Spit Poison.
  6579 | D:8      | 6579 ||| INVOKING Spit Poison.
  6585 | D:8      | 6585 ||| INVOKING Heroism.
  6586 | D:8      | 6586 ||| INVOKING Spit Poison.
  6688 | D:8      | 6688 ||| SWAPPING to +3 orcbow.
  6689 | D:8      | 6689 ||| DROPPING +0 orcbow.
  6692 | D:8      | Noticed a centaur warrior
  6692 | D:8      | Noticed a cyclops
  6692 | D:8      | Noticed a manticore
  6692 | D:8      | Identified the +11 great sword of Vedyel {vamp, Drain rF+
                  | rN+++ Dex-4}
  6692 | D:8      | Identified the ring of Nirhec {rF+ rCorr}
  6693 | D:8      | 6693 ||| INVOKING Heroism.
  6694 | D:8      | 6694 ||| Stepping ~*~*~tactically~*~*~ (outnumbered).
  6696 | D:8      | 6696 ||| INVOKING Spit Poison.
  6700 | D:8      | Killed a centaur warrior
  6702 | D:8      | 6702 ||| INVOKING Spit Poison.
  6702 | D:8      | Killed a manticore
  6702 | D:8      | Reached *** piety under Okawaru
  6708 | D:8      | Killed a cyclops
  6709 | D:8      | Reached skill level 11 in Ranged Weapons
  6710 | D:8      | 6710 ||| INVOKING Spit Poison.
  6722 | D:8      | 6722 ||| INVOKING Heroism.
  6742 | D:8      | Reached **** piety under Okawaru
  6747 | D:8      | Noticed a cyan ugly thing
  6748 | D:8      | 6748 ||| INVOKING Spit Poison.
  6750 | D:8      | Killed a cyan ugly thing
  6754 | D:8      | Noticed a gargoyle
  6755 | D:8      | 6755 ||| INVOKING Heroism.
  6764 | D:8      | Killed a gargoyle
  6877 | D:8      | 6877 ||| SWAPPING to +1 orcbow of flaming.
  6878 | D:8      | 6878 ||| DROPPING +3 orcbow.
  6879 | D:8      | 6879 ||| DROPPING +1 shortbow of flaming.
  6883 | D:8      | Identified the +5 quarterstaff "Uppomaczine" {freeze, rF+
                  | rC+ Dex+3}
  6979 | D:8      | 6979 ||| INVOKING Heroism.
  6980 | D:8      | 6980 ||| INVOKING Spit Poison.
  6984 | D:8      | Reached XP level 11. HP: 78/113 MP: 11/14
  7085 | D:8      | Found a staircase to the Lair.
  7106 | D:8      | 7106 ||| INVOKING Spit Poison.
  7184 | D:8      | 7184 ||| PLANNING LAIR
  7184 | D:8      | 7184 ||| DROPPING amulet of guardian spirit.
  7185 | D:8      | 7185 ||| READING scroll labelled BUPUFA NOEWK.
  7186 | D:8      | 7186 ||| READING scroll labelled TEHOT QEITOGAK.
  7228 | Lair:1   | Entered Level 1 of the Lair of Beasts
  7511 | Lair:1   | 7511 ||| DRINKING potion of cancellation.
  7512 | Lair:1   | 7512 ||| INVOKING Spit Poison.
  7526 | Lair:1   | 7526 ||| INVOKING Spit Poison.
  7539 | Lair:1   | 7539 ||| READING scroll of brand weapon.
  7539 | Lair:1   | 7539 ||| BRANDING +1 orcbow of flaming.
  7546 | Lair:1   | 7546 ||| INVOKING Spit Poison.
  7549 | Lair:1   | 7549 ||| INVOKING Spit Poison.
  7555 | Lair:1   | 7555 ||| INVOKING Spit Poison.
  7557 | Lair:1   | 7557 ||| INVOKING Heroism.
  7564 | Lair:1   | 7564 ||| INVOKING Spit Poison.
  7686 | Lair:1   | 7686 ||| INVOKING Spit Poison.
  7738 | Lair:1   | 7738 ||| INVOKING Spit Poison.
  7752 | Lair:1   | 7752 ||| INVOKING Heroism.
  7763 | Lair:1   | 7763 ||| DROPPING ring of positive energy.
  7770 | Lair:1   | 7770 ||| INVOKING Spit Poison.
  7893 | Lair:1   | Found a runed translucent gate.
  7893 | Lair:1   | Found a runed translucent gate.
  7894 | Lair:1   | Found a runed translucent gate.
  7946 | Lair:1   | 7946 ||| INVOKING Spit Poison.
  7951 | Lair:1   | Reached skill level 12 in Ranged Weapons
  8020 | Lair:1   | Noticed qw's ghost (novice MiHu)
  8020 | Lair:1   | Noticed a spectral death yak
  8021 | Lair:1   | Noticed a spectral death yak
  8088 | Lair:1   | 8088 ||| DROPPING ring of fire.
  8089 | Lair:1   | 8089 ||| DROPPING ring of wizardry.
  8090 | Lair:1   | 8090 ||| DROPPING +6 ring of strength.
  8091 | Lair:1   | 8091 ||| READING 2 scrolls labelled VYT VUEQUASOAB.
  8092 | Lair:1   | 8092 ||| DROPPING scroll of poison.
  8146 | Lair:2   | 8146 ||| INVOKING Heroism.
  8150 | Lair:2   | 8150 ||| INVOKING Spit Poison.
  8153 | Lair:2   | Reached skill level 6 in Invocations
  8159 | Lair:2   | 8159 ||| INVOKING Heroism.
  8160 | Lair:2   | 8160 ||| INVOKING Spit Poison.
  8168 | Lair:2   | 8168 ||| INVOKING Spit Poison.
  8255 | Lair:2   | 8255 ||| INVOKING Heroism.
  8256 | Lair:2   | 8256 ||| INVOKING Spit Poison.
  8260 | Lair:2   | 8260 ||| INVOKING Spit Poison.
  8308 | Lair:2   | Noticed a four-headed hydra
  8309 | Lair:2   | 8309 ||| INVOKING Heroism.
  8314 | Lair:2   | Killed a four-headed hydra
  8315 | Lair:2   | Reached skill level 6 in Dodging
  8433 | Lair:2   | 8433 ||| INVOKING Spit Poison.
  8438 | Lair:2   | 8438 ||| INVOKING Spit Poison.
  8442 | Lair:2   | 8442 ||| INVOKING Heroism.
  8443 | Lair:2   | 8443 ||| INVOKING Spit Poison.
  8448 | Lair:2   | 8448 ||| INVOKING Spit Poison.
  8455 | Lair:2   | 8455 ||| INVOKING Spit Poison.
  8460 | Lair:2   | 8460 ||| INVOKING Spit Poison.
  8463 | Lair:2   | 8463 ||| INVOKING Spit Poison.
  8467 | Lair:2   | Received a gift from Okawaru
  8545 | Lair:2   | Found a hole to the Spider Nest.
  8545 | Lair:2   | Noticed an orb spider
  8547 | Lair:2   | 8547 ||| INVOKING Spit Poison.
  8548 | Lair:2   | Killed an orb spider
  8629 | Lair:2   | 8629 ||| INVOKING Spit Poison.
  8690 | Lair:2   | 8690 ||| INVOKING Spit Poison.
  8696 | Lair:2   | 8696 ||| INVOKING Spit Poison.
  8701 | Lair:2   | 8701 ||| INVOKING Spit Poison.
  8702 | Lair:2   | 8702 ||| INVOKING Spit Poison.
  8710 | Lair:2   | 8710 ||| INVOKING Heroism.
  8711 | Lair:2   | 8711 ||| INVOKING Spit Poison.
  8716 | Lair:2   | 8716 ||| INVOKING Spit Poison.
  8720 | Lair:2   | 8720 ||| INVOKING Spit Poison.
  8725 | Lair:2   | Reached XP level 12. HP: 55/121 MP: 16/18
  9165 | Lair:2   | 9165 ||| INVOKING Heroism.
  9197 | Lair:2   | 9197 ||| UPGRADING to +0 cloak.
  9202 | Lair:2   | 9202 ||| DROPPING +6 ring of intelligence.
  9203 | Lair:2   | 9203 ||| READING scroll labelled RUETSORUXE.
  9304 | Lair:2   | 9304 ||| READING 2 scrolls of identify.
  9304 | Lair:2   | 9304 ||| IDENTIFYING purple potion
  9305 | Lair:2   | 9305 ||| DROPPING potion of brilliance.
  9323 | Lair:3   | Reached skill level 3 in Armour
  9324 | Lair:3   | Found a staircase to the Shoals.
  9522 | Lair:3   | Reached ***** piety under Okawaru
  9559 | Lair:3   | 9559 ||| INVOKING Heroism.
  9584 | Lair:3   | Reached skill level 13 in Ranged Weapons
  9584 | Lair:3   | Reached skill level 9 in Invocations
  9708 | Lair:3   | Noticed a death yak
  9709 | Lair:3   | 9709 ||| INVOKING Heroism.
  9710 | Lair:3   | 9710 ||| INVOKING Finesse.
  9713 | Lair:3   | Noticed a death yak
  9719 | Lair:3   | Killed a death yak
  9724 | Lair:3   | Noticed a death yak
  9729 | Lair:3   | Noticed a death yak
  9735 | Lair:3   | Killed a death yak
  9740 | Lair:3   | Killed a death yak
  9740 | Lair:3   | Identified the +1 scale mail "Deiwk" {Dex+4} (Okawaru
                  | gifted it to you on level 3 of the Lair of Beasts)
  9740 | Lair:3   | Received a gift from Okawaru
  9749 | Lair:3   | Killed a death yak
  9817 | Lair:3   | Reached skill level 9 in Fighting
  9837 | Lair:3   | Noticed a death yak
  9843 | Lair:3   | Noticed a death yak
  9844 | Lair:3   | 9844 ||| INVOKING Heroism.
  9845 | Lair:3   | 9845 ||| INVOKING Finesse.
  9845 | Lair:3   | Noticed a death yak
  9850 | Lair:3   | Killed a death yak
  9864 | Lair:3   | Killed a death yak
  9872 | Lair:3   | Killed a death yak
  9913 | Lair:3   | Noticed a catoblepas
  9914 | Lair:3   | 9914 ||| INVOKING Heroism.
  9915 | Lair:3   | 9915 ||| INVOKING Finesse.
  9921 | Lair:3   | Killed a catoblepas
  9989 | Lair:3   | 9989 ||| READING scroll labelled YCKUON JIEBASU.
  9990 | Lair:3   | 9990 ||| INVOKING Heroism.
 10152 | Lair:3   | Noticed a five-headed hydra
 10153 | Lair:3   | 10153 ||| INVOKING Heroism.
 10158 | Lair:3   | Killed a five-headed hydra
 10159 | Lair:3   | Reached skill level 14 in Ranged Weapons
 10419 | Lair:3   | Noticed Snorg
 10420 | Lair:3   | 10420 ||| INVOKING Heroism.
 10428 | Lair:3   | Killed Snorg
 10650 | Lair:3   | 10650 ||| UPGRADING to +3 troll leather armour {Snorg}.
 10660 | Lair:3   | 10660 ||| DROPPING +1 leather armour of fire resistance.
 10768 | Lair:4   | Noticed a death yak
 10768 | Lair:4   | Noticed a death yak
 10769 | Lair:4   | 10769 ||| INVOKING Heroism.
 10770 | Lair:4   | Noticed a death yak
 10776 | Lair:4   | Killed a death yak
 10777 | Lair:4   | Gained mutation: You can use your snake-like lower body to
                  | constrict enemies. [Naga growth]
 10777 | Lair:4   | Reached XP level 13. HP: 133/133 MP: 18/20
 10822 | Lair:4   | Found a staircase to the Slime Pits.
 10822 | Lair:4   | Found a viscous altar of Jiyva.
 10928 | Lair:4   | 10928 ||| READING scroll of acquirement.
 10928 | Lair:4   | 10928 ||| ACQUIRING +2 orcbow of freezing
 10928 | Lair:4   | Acquired a +2 orcbow of freezing
 10930 | Lair:4   | 10930 ||| SWAPPING to +2 orcbow of freezing.
 10931 | Lair:4   | 10931 ||| DROPPING +1 orcbow of draining.
 10971 | Lair:4   | 10971 ||| INVOKING Heroism.
 11029 | Lair:4   | Found a frozen archway.
 11032 | Lair:4   | 11032 ||| INVOKING Heroism.
 11034 | Lair:4   | 11034 ||| Stepping ~*~*~tactically~*~*~ (outnumbered).
 11114 | Lair:4   | Received a gift from Okawaru
 11202 | Lair:4   | 11202 ||| INVOKING Heroism.
 11203 | Lair:4   | 11203 ||| INVOKING Finesse.
 11216 | Lair:4   | Reached skill level 15 in Ranged Weapons
 11360 | Lair:4   | 11360 ||| INVOKING Heroism.
 11750 | Lair:4   | 11750 ||| INVOKING Heroism.
 11873 | Lair:5   | Entered Level 5 of the Lair of Beasts
 11882 | Lair:5   | 11882 ||| STAIRDANCE
 11885 | Lair:4   | 11885 ||| INVOKING Heroism.
 11938 | Lair:5   | 11938 ||| STAIRDANCE
 11943 | Lair:5   | 11943 ||| INVOKING Heroism.
 11951 | Lair:5   | HP: 33/135 [poisoned by a black mamba]
 11951 | Lair:5   | HP: 13/135 [yak (20)]
 11952 | Lair:5   | 11952 ||| READING 8 scrolls of teleportation.
 11953 | Lair:5   | 11953 ||| DRINKING 4 potions of heal wounds.
 11954 | Lair:5   | 11954 ||| DRINKING 3 potions of heal wounds.
 12257 | Lair:5   | 12257 ||| INVOKING Heroism.
 12265 | Lair:5   | Reached XP level 14. HP: 145/145 MP: 19/21
 12349 | Lair:5   | Noticed a dire elephant
 12350 | Lair:5   | 12350 ||| INVOKING Heroism.
 12351 | Lair:5   | 12351 ||| INVOKING Finesse.
 12352 | Lair:5   | 12352 ||| INVOKING Finesse.
 12360 | Lair:5   | Reached skill level 16 in Ranged Weapons
 12501 | Lair:5   | 12501 ||| INVOKING Heroism.
 12518 | Lair:5   | Killed a dire elephant
 12518 | Lair:5   | Received a gift from Okawaru
 12543 | Lair:5   | 12543 ||| SWAPPING to +2 arbalest of flaming.
 12544 | Lair:5   | 12544 ||| DROPPING +2 orcbow of freezing.
 12573 | Lair:5   | 12573 ||| INVOKING Heroism.
 12574 | Lair:5   | 12574 ||| INVOKING Finesse.
 12644 | Lair:5   | 12644 ||| INVOKING Heroism.
 12688 | Lair:5   | 12688 ||| INVOKING Heroism.
 12721 | Lair:5   | 12721 ||| INVOKING Heroism.
 12755 | Lair:5   | 12755 ||| INVOKING Heroism.
 12818 | Lair:5   | 12818 ||| INVOKING Heroism.
 13063 | Lair:5   | Found a shimmering blue altar of Sif Muna.
 13251 | Lair:5   | 13251 ||| Stepping ~*~*~tactically~*~*~ (outnumbered).
 13264 | Lair:5   | 13264 ||| INVOKING Heroism.
 13441 | Lair:5   | 13441 ||| PLANNING D:1-11
 13738 | D:9      | Noticed Pikel
 13743 | D:9      | Killed Pikel
 13834 | D:9      | 13834 ||| Stepping ~*~*~tactically~*~*~ (outnumbered).
 13965 | D:9      | Found a bloodstained altar of Trog.
 14147 | D:9      | Reached skill level 17 in Ranged Weapons
 14306 | D:9      | 14306 ||| UPGRADING to amulet of faith.
 14338 | D:10     | Entered Level 10 of the Dungeon
 14351 | D:10     | Noticed Urug
 14352 | D:10     | 14352 ||| INVOKING Heroism.
 14354 | D:10     | Killed Urug
 14682 | D:10     | 14682 ||| SWAPPING to +0 longbow.
 14785 | D:10     | 14785 ||| INVOKING Heroism.
 14965 | D:10     | 14965 ||| READING 6 scrolls of identify.
 14965 | D:10     | 14965 ||| IDENTIFYING fuming yellow potion
 14966 | D:10     | 14966 ||| DROPPING potion of lignification.
 15020 | D:11     | Noticed Josephine
 15037 | D:11     | 15037 ||| INVOKING Heroism.
 15040 | D:11     | Killed Josephine
 15219 | D:11     | Noticed Erolcha
 15220 | D:11     | 15220 ||| INVOKING Heroism.
 15230 | D:11     | Killed Erolcha
 15231 | D:11     | Reached skill level 9 in Dodging
 15579 | D:11     | Found a staircase to the Orcish Mines.
 15695 | D:11     | 15695 ||| PLANNING D
 15695 | D:11     | 15695 ||| UPGRADING to +0 pair of gloves.
 15700 | D:11     | 15700 ||| READING 5 scrolls of identify.
 15700 | D:11     | 15700 ||| IDENTIFYING coppery potion
 15874 | D:12     | 15874 ||| Stepping ~*~*~tactically~*~*~ (outnumbered).
 15953 | D:12     | Noticed Azrael
 15954 | D:12     | 15954 ||| INVOKING Heroism.
 15955 | D:12     | 15955 ||| INVOKING Finesse.
 15956 | D:12     | 15956 ||| Stepping ~*~*~tactically~*~*~ (outnumbered).
 15960 | D:12     | Reached XP level 15. HP: 148/155 MP: 14/22
 15965 | D:12     | 15965 ||| Stepping ~*~*~tactically~*~*~ (outnumbered).
 15978 | D:12     | Killed Azrael
 16386 | D:12     | 16386 ||| READING 6 scrolls of identify.
 16386 | D:12     | 16386 ||| IDENTIFYING black potion
 16552 | D:13     | 16552 ||| INVOKING Heroism.
 16553 | D:13     | 16553 ||| INVOKING Finesse.
 16758 | D:13     | 16758 ||| READING scroll of brand weapon.
 16758 | D:13     | 16758 ||| BRANDING +0 longbow.
 16856 | D:13     | Found a gate to the Vaults.
 16863 | D:13     | Identified the +1 barding of the Monkey's Uncle {+Blink
                  | rN+} (Okawaru gifted it to you on level 13 of the Dungeon)
 16863 | D:13     | Received a gift from Okawaru
 16991 | D:13     | Reached skill level 18 in Ranged Weapons
 17002 | D:13     | 17002 ||| Stepping ~*~*~tactically~*~*~ (cloud).
 17005 | D:13     | 17005 ||| Stepping ~*~*~tactically~*~*~ (cloud).
 17008 | D:13     | 17008 ||| Stepping ~*~*~tactically~*~*~ (cloud).
 17009 | D:13     | 17009 ||| Stepping ~*~*~tactically~*~*~ (cloud).
 17010 | D:13     | 17010 ||| Stepping ~*~*~tactically~*~*~ (cloud).
 17011 | D:13     | 17011 ||| Stepping ~*~*~tactically~*~*~ (cloud).
 17012 | D:13     | 17012 ||| Stepping ~*~*~tactically~*~*~ (cloud).
 17013 | D:13     | 17013 ||| Stepping ~*~*~tactically~*~*~ (cloud).
 17023 | D:13     | 17023 ||| DROPPING ring of protection from cold.
 17024 | D:13     | 17024 ||| READING scroll labelled DIUBLA SAAPS.
 17045 | D:14     | 17045 ||| PLANNING GAUNTLET
 17153 | D:14     | 17153 ||| INVOKING Heroism.
 17154 | D:14     | 17154 ||| INVOKING Finesse.
 17161 | D:14     | 17161 ||| SWAPPING to +2 arbalest of flaming.
 17164 | D:14     | 17164 ||| SWAPPING to +0 longbow of draining.
 17236 | D:14     | 17236 ||| INVOKING Heroism.
 17249 | D:14     | Found a gate leading to a gauntlet.
 17259 | Gauntlet | Entered a Gauntlet
 17259 | Gauntlet | Found a transporter.
 17259 | Gauntlet | Found a transporter.
 17259 | Gauntlet | Found a transporter.
 17260 | Gauntlet | Found a transporter.
 17264 | Gauntlet | Found a transporter.
 17264 | Gauntlet | Found a transporter.
 17271 | Gauntlet | Found a transporter.
 17272 | Gauntlet | Found a transporter.
 17273 | Gauntlet | Found a transporter.
 17275 | Gauntlet | Found a transporter.
 17283 | Gauntlet | Found a transporter.
 17283 | Gauntlet | Found a transporter.
 17435 | Gauntlet | 17435 ||| INVOKING Heroism.
 17454 | Gauntlet | Identified the +2 lajatang of Kitajugen {drain, Int+3}
 17476 | Gauntlet | 17476 ||| READING 6 scrolls of identify.
 17476 | Gauntlet | 17476 ||| IDENTIFYING fuming dark potion
 17498 | Gauntlet | Identified the ring of Hudwi {+Blink Dex+6}
 17500 | Gauntlet | 17500 ||| UPGRADING to ring of Hudwi {+Blink Dex+6}.
 17502 | Gauntlet | 17502 ||| DROPPING +5 ring of evasion.
 17509 | Gauntlet | 17509 ||| DRINKING 8 potions of curing.
 17509 | Gauntlet | 17509 ||| (to cure confusion)
 17564 | Gauntlet | 17564 ||| INVOKING Heroism.
 17686 | D:14     | 17686 ||| PLANNING D
 17715 | D:14     | Noticed Kirke
 17716 | D:14     | 17716 ||| INVOKING Heroism.
 17726 | D:14     | Killed Kirke
 17796 | D:14     | Found a portal to a secret trove of treasure.
 17892 | D:14     | Identified the +7 ring mail of Greed {Str+3}
 17976 | D:14     | 17976 ||| INVOKING Heroism.
 17985 | D:14     | 17985 ||| Stepping ~*~*~tactically~*~*~ (outnumbered).
 18381 | D:14     | 18381 ||| DROPPING scarf of harm.
 18436 | D:15     | Entered Level 15 of the Dungeon
 18498 | D:15     | 18498 ||| INVOKING Heroism.
 18589 | D:15     | 18589 ||| INVOKING Heroism.
 18654 | D:15     | Found a staircase to the Depths.
 18724 | D:15     | 18724 ||| INVOKING Heroism.
 18748 | D:15     | Reached skill level 12 in Fighting
 18844 | D:15     | 18844 ||| INVOKING Heroism.
 18851 | D:15     | 18851 ||| Stepping ~*~*~tactically~*~*~ (outnumbered).
 18922 | D:15     | 18922 ||| INVOKING Heroism.
 18932 | D:15     | 18932 ||| INVOKING Finesse.
 18938 | D:15     | 18938 ||| SWAPPING to +2 arbalest of flaming.
 18940 | D:15     | Reached skill level 6 in Armour
 18940 | D:15     | 18940 ||| SWAPPING to +0 longbow of draining.
 18967 | D:15     | Received a gift from Okawaru
 18986 | D:15     | 18986 ||| DROPPING +5 orcbow of flaming.
 19264 | D:15     | 19264 ||| INVOKING Heroism.
 19580 | D:15     | 19580 ||| PLANNING ORC
 19735 | Orc:1    | Entered Level 1 of the Orcish Mines
 19747 | Orc:1    | Reached XP level 16. HP: 167/167 MP: 23/23
 19915 | Orc:2    | Entered Level 2 of the Orcish Mines
 19915 | Orc:2    | Noticed Rupert
 19915 | Orc:2    | Found Oceludis's Jewellery Shop.
 19916 | Orc:2    | 19916 ||| INVOKING Heroism.
 19917 | Orc:2    | 19917 ||| INVOKING Finesse.
 19933 | Orc:2    | Killed Rupert
 19969 | Orc:2    | 19969 ||| INVOKING Heroism.
 19981 | Orc:2    | 19981 ||| STAIRDANCE
 19990 | Orc:1    | HP: 38/167 [orc warrior/+0 hand axe[an orc warlord] (7)]
 19991 | Orc:1    | 19991 ||| READING 13 scrolls of teleportation.
 19992 | Orc:1    | 19992 ||| DRINKING 3 potions of heal wounds.
 20025 | Orc:1    | 20025 ||| INVOKING Heroism.
 20047 | Orc:1    | 20047 ||| INVOKING Heroism.
 20109 | Orc:1    | 20109 ||| Stepping randomly (stuck).
 20110 | Orc:1    | 20110 ||| Stepping randomly (stuck).
 20111 | Orc:1    | 20111 ||| Stepping randomly (stuck).
 20112 | Orc:1    | 20112 ||| Stepping randomly (stuck).
 20113 | Orc:1    | 20113 ||| Stepping randomly (stuck).
 20114 | Orc:1    | 20114 ||| Stepping randomly (stuck).
 20115 | Orc:1    | 20115 ||| Stepping randomly (stuck).
 20116 | Orc:1    | 20116 ||| Stepping randomly (stuck).
 20117 | Orc:1    | 20117 ||| Stepping randomly (stuck).
 20118 | Orc:1    | 20118 ||| Stepping randomly (stuck).
 20119 | Orc:1    | 20119 ||| Stepping randomly (stuck).
 20120 | Orc:1    | 20120 ||| Stepping randomly (stuck).
 20121 | Orc:1    | 20121 ||| Stepping randomly (stuck).
 20122 | Orc:1    | 20122 ||| Stepping randomly (stuck).
 20123 | Orc:1    | 20123 ||| Stepping randomly (stuck).
 20124 | Orc:1    | 20124 ||| Stepping randomly (stuck).
 20125 | Orc:1    | 20125 ||| Stepping randomly (stuck).
 20126 | Orc:1    | 20126 ||| Stepping randomly (stuck).
 20127 | Orc:1    | 20127 ||| Stepping randomly (stuck).
 20128 | Orc:1    | 20128 ||| Stepping randomly (stuck).
 20129 | Orc:1    | 20129 ||| Stepping randomly (stuck).
 20130 | Orc:1    | 20130 ||| Stepping randomly (stuck).
 20131 | Orc:1    | 20131 ||| Stepping randomly (stuck).
 20132 | Orc:1    | 20132 ||| Stepping randomly (stuck).
 20133 | Orc:1    | 20133 ||| Stepping randomly (stuck).
 20134 | Orc:1    | 20134 ||| Stepping randomly (stuck).
 20135 | Orc:1    | 20135 ||| Stepping randomly (stuck).
 20136 | Orc:1    | 20136 ||| Stepping randomly (stuck).
 20137 | Orc:1    | 20137 ||| Stepping randomly (stuck).
 20138 | Orc:1    | 20138 ||| Stepping randomly (stuck).
 20139 | Orc:1    | 20139 ||| Stepping randomly (stuck).
 20140 | Orc:1    | 20140 ||| Stepping randomly (stuck).
 20141 | Orc:1    | 20141 ||| Stepping randomly (stuck).
 20142 | Orc:1    | 20142 ||| Stepping randomly (stuck).
 20143 | Orc:1    | 20143 ||| Stepping randomly (stuck).
 20144 | Orc:1    | 20144 ||| Stepping randomly (stuck).
 20145 | Orc:1    | 20145 ||| Stepping randomly (stuck).
 20146 | Orc:1    | 20146 ||| Stepping randomly (stuck).
 20147 | Orc:1    | 20147 ||| Stepping randomly (stuck).
 20148 | Orc:1    | 20148 ||| Stepping randomly (stuck).
 20149 | Orc:1    | 20149 ||| Stepping randomly (stuck).
 20150 | Orc:1    | 20150 ||| Stepping randomly (stuck).
 20151 | Orc:1    | 20151 ||| Stepping randomly (stuck).
 20152 | Orc:1    | 20152 ||| Stepping randomly (stuck).
 20153 | Orc:1    | 20153 ||| Stepping randomly (stuck).
 20154 | Orc:1    | 20154 ||| Stepping randomly (stuck).
 20155 | Orc:1    | 20155 ||| Stepping randomly (stuck).
 20156 | Orc:1    | 20156 ||| Stepping randomly (stuck).
 20157 | Orc:1    | 20157 ||| Stepping randomly (stuck).
 20158 | Orc:1    | 20158 ||| Stepping randomly (stuck).
 20159 | Orc:1    | 20159 ||| Stepping randomly (stuck).
 20160 | Orc:1    | 20160 ||| READING 12 scrolls of teleportation.
 20179 | Orc:1    | Reached skill level 19 in Ranged Weapons
 20189 | Orc:2    | 20189 ||| INVOKING Heroism.
 20193 | Orc:2    | Paralysed by an orc sorcerer for 3 turns
 20207 | Orc:2    | 20207 ||| STAIRDANCE
 20322 | Orc:2    | 20322 ||| STAIRDANCE
 20393 | Orc:2    | Found Puah's General Store.
 20403 | Orc:2    | 20403 ||| BUYING 3 scrolls of identify (90 gold).
 20403 | Orc:2    | Bought 3 scrolls of identify for 90 gold pieces
 20477 | Orc:2    | 20477 ||| PLANNING ORC
 20648 | Orc:2    | 20648 ||| INVOKING Heroism.
 20651 | Orc:2    | 20651 ||| Stepping ~*~*~tactically~*~*~ (outnumbered).
 20653 | Orc:2    | 20653 ||| Stepping ~*~*~tactically~*~*~ (outnumbered).
 20679 | Orc:2    | Found Fiorr's Antique Armour Shoppe.
 20751 | Orc:2    | 20751 ||| INVOKING Heroism.
 20752 | Orc:2    | 20752 ||| Stepping ~*~*~tactically~*~*~ (outnumbered).
 20763 | Orc:2    | 20763 ||| Stepping ~*~*~tactically~*~*~ (outnumbered).
 20765 | Orc:2    | 20765 ||| Stepping ~*~*~tactically~*~*~ (outnumbered).
 20776 | Orc:2    | 20776 ||| Stepping ~*~*~tactically~*~*~ (outnumbered).
 20789 | Orc:2    | Paralysed by an orc sorcerer for 4 turns
 20796 | Orc:2    | 20796 ||| INVOKING Heroism.
 20813 | Orc:2    | Found Kapp's Antique Weapon Emporium.
 20815 | Orc:2    | 20815 ||| INVOKING Heroism.
 21064 | Orc:2    | Found a staircase to the Elven Halls.
 21316 | Orc:2    | 21316 ||| PLANNING SPIDER:1-3
 21511 | Spider:1 | Entered Level 1 of the Spider Nest
 21768 | Spider:1 | 21768 ||| INVOKING Heroism.
 21813 | Spider:1 | 21813 ||| DRINKING potion of resistance.
 21829 | Spider:1 | 21829 ||| INVOKING Heroism.
 22104 | Spider:1 | 22104 ||| INVOKING Finesse.
 22239 | Spider:1 | Identified the +4 longbow of War {elec, Will+} (Okawaru
                  | gifted it to you on level 1 of the Spider Nest)
 22239 | Spider:1 | Received a gift from Okawaru
 22242 | Spider:1 | 22242 ||| SWAPPING to +4 longbow of War {elec, Will+}.
 22243 | Spider:1 | 22243 ||| DROPPING +0 longbow of draining.
 22257 | Spider:1 | 22257 ||| INVOKING Heroism.
 22258 | Spider:1 | 22258 ||| Stepping ~*~*~tactically~*~*~ (outnumbered).
 22290 | Spider:1 | 22290 ||| INVOKING Heroism.
 22839 | Spider:1 | 22839 ||| READING 12 scrolls of identify.
 22839 | Spider:1 | 22839 ||| IDENTIFYING bubbling green potion
 22880 | Spider:2 | Noticed Donald
 22881 | Spider:2 | 22881 ||| INVOKING Heroism.
 22887 | Spider:2 | Killed Donald
 22917 | Spider:2 | 22917 ||| INVOKING Heroism.
 23233 | Spider:2 | Identified the +2 whip of Ethereal Valour {heavy, Fragile
                  | rF+ rN+ Stlth+}
 23580 | Spider:3 | 23580 ||| STAIRDANCE
 23615 | Spider:3 | 23615 ||| STAIRDANCE
 23658 | Spider:3 | 23658 ||| INVOKING Finesse.
 23681 | Spider:3 | 23681 ||| INVOKING Heroism.
 23714 | Spider:3 | Reached XP level 17. HP: 179/179 MP: 24/24
 23734 | Spider:3 | 23734 ||| INVOKING Heroism.
 23763 | Spider:3 | Reached skill level 20 in Ranged Weapons
 23782 | Spider:3 | 23782 ||| INVOKING Heroism.
 23823 | Spider:3 | 23823 ||| INVOKING Heroism.
 23881 | Spider:3 | 23881 ||| INVOKING Finesse.
 24234 | Spider:3 | 24234 ||| INVOKING Heroism.
 24236 | Spider:3 | 24236 ||| INVOKING Finesse.
 24336 | Spider:3 | 24336 ||| Stepping ~*~*~tactically~*~*~ (outnumbered).
 24345 | Spider:3 | 24345 ||| INVOKING Heroism.
 24347 | Spider:3 | HP: 37/175 [disintegration (55)]
 24348 | Spider:3 | 24348 ||| READING 12 scrolls of teleportation.
 24348 | Spider:3 | HP: 12/175 [meliai/+0 hand axe (9)]
 24348 | Spider:3 | HP: 5/175 [meliai/+0 hand axe (7)]
 24349 | Spider:3 | 24349 ||| DRINKING 2 potions of heal wounds.
 24350 | Spider:3 | 24350 ||| DRINKING potion of heal wounds.
 24586 | Spider:3 | 24586 ||| READING scroll of acquirement.
 24586 | Spider:3 | 24586 ||| ACQUIRING +2 triple crossbow of flaming
 24586 | Spider:3 | Acquired a +2 triple crossbow of flaming
 24588 | Spider:3 | 24588 ||| SWAPPING to +2 triple crossbow of flaming.
 24589 | Spider:3 | 24589 ||| DROPPING +2 arbalest of flaming.
 24590 | Spider:3 | 24590 ||| DROPPING +4 longbow of War {elec, Will+}.
 24907 | Spider:3 | 24907 ||| PLANNING SHOALS:1-3
 25021 | Shoals:1 | Entered Level 1 of the Shoals
 25022 | Shoals:1 | 25022 ||| INVOKING Heroism.
 25027 | Shoals:1 | Reached skill level 12 in Dodging
 25071 | Shoals:1 | 25071 ||| INVOKING Heroism.
 25085 | Shoals:1 | HP: 37/180 [merfolk javelineer/silver javelin (15)]
 25086 | Shoals:1 | 25086 ||| READING 11 scrolls of teleportation.
 25086 | Shoals:1 | HP: 15/180 [merfolk javelineer/silver javelin (5)]
 25087 | Shoals:1 | HP: 2/180 [merfolk/+0 trident (11)]
 25088 | Shoals:1 | Killed from afar by a manticore

Levels and vault maps discovered:
D:1:      lemuel_arrival_hallway, layout_basic, grunt_decor_mini_mirrors,
          minivault_14
D:2:      layout_loops_ring, minmay_pentomino_t2, uniq_sigmund
D:3:      layout_loops_ring, mainiacjoe_overflow_large_starburst,
          eat_drink_and_be_merry_uskayaw, nicolae_overflow_crystal_walls,
          general_overflow_altar, portal_sewer_entry_d, minivault_24,
          uniq_grinder
D:4:      layout_loops_ring, fedhas_altar_decomposition,
          minmay_temple_entry_mist, nicolae_ea-nasir_strikes_again,
          roderic_batcave
D:5:      layout_loops_ring, uniq_crazy_yiuf_cottage, uniq_blork_the_orc,
          uniq_duvessa
D:6:      layout_cave_pools, mainiacjoe_overflow_cross_hatched,
          tso_oasis_becter, serial_shops, kennysheep_mini_moat, uniq_eustachio
D:7:      layout_cave_pools, lemuel_mausoleum_altar_kikubaaqudgha,
          dk_rats_in_the_wall
D:8:      minmay_the_grid_triangle_9x9_rhombus_thin
          [minmay_the_grid_triangle_9x9_corruption,
          minmay_the_grid_triangle_9x9_prize_insulated,
          minmay_the_grid_triangle_9x9_limited_checkers,
          minmay_the_grid_triangle_9x9_alien], layout_basic, lair_entry_dummy,
          kennysheep_generic_room_10
D:9:      layout_long_grid, mainiacjoe_overflow_alcove_1,
          hangedman_abyss_or_decor_lesser_grid, kennysheep_small_spiral,
          kennysheep_flooded_box, corner_web_ring, kennysheep_generic_room_4,
          uniq_pikel
D:10:     layout_irregular_city, uniq_urug
D:11:     layout_cave_pools, erik_orc_1, uniq_josephine, uniq_erolcha
D:12:     layout_small_grid, uniq_azrael
D:13:     layout_roguey, david_vaults_5, minmay_misc_feat_rows
D:14:     layout_stronghold, serial_rivers, chequers_serial_rivers_micro_a,
          chequers_serial_rivers_room_b, chequers_serial_rivers_marsh,
          chequers_serial_rivers_room_b, chequers_serial_rivers_micro_d,
          nicolae_trove_entry_columns, gauntlet_entry_generic, uniq_kirke
D:15:     gammafunk_depths_entry_grave, layout_cave_pods, dreamdust_wishing_well
Temple:   hc_temple_tempest_star
Lair:1:   layout_regular_city, gammafunk_ghost_necromancy
Lair:2:   layout_regular_city, nicolae_spider_entry_orb_guardian,
          beast_lair_carwin_11
Lair:3:   layout_gridlike, elwin_shoals_entry_rocks, grunt_megastairs_2,
          serial_bayou_shore_a, uniq_snorg
Lair:4:   cheibrodos_lair_river_kwai, layout_cave_pods, slime_entry_1,
          portal_ice_cave_entry_animals_and_master
Lair:5:   due_jungle_book, layout_regular_city, basic_altar
Shoals:1: layout_shoals
Spider:1: layout_chambers, dreamdust_wasp_nest
Spider:2: layout_spider_delve, drop_trap, uniq_donald
Spider:3: layout_cave_pods, nicolae_spider_baby_got_redback,
          hangedman_spider_tarantella_strand
Orc:1:    layout_caves
Orc:2:    grunt_orc_gardens, layout_caves, grunt_orc_garden, grunt_orc_garden,
          grunt_orc_garden, grunt_orc_garden, uniq_rupert

Skill      XL: |  1  2  3  4  5  6  7  8  9 10 11 12 13 14 15 16 17 |
---------------+----------------------------------------------------+-----
Ranged Weapons | 4 6 7 8 10 11 12 14 15 17 18 19 20 | 20.0
Fighting       | 3 4 5 6 8 9 10 11 12 13 | 13.3
Armour         | 2 3 4 5 6 7 |  7.0
Dodging        | 2 3 4 5 6 7 8 9 10 11 12 | 12.0
Invocations    | 4 8 10 | 10.0
Stealth        | |  1.5

Action                     |  1- 3 |  4- 6 |  7- 9 | 10-12 | 13-15 | 16-18 || total
---------------------------+-------+-------+-------+-------+-------+-------++-------
   Fire: Shortbow          |    73 |    53 |   215 |       |       |       ||   341
         Orcbow            |       |       |   133 |   416 |   368 |       ||   917
         Arbalest          |       |       |       |       |   323 |       ||   323
         Longbow           |       |       |       |       |   701 |   782 ||  1483
         Triple crossbow   |       |       |       |       |       |    32 ||    32
 Invoke: Heroism           |       |       |     7 |    23 |    35 |    23 ||    88
         Finesse           |       |       |       |     3 |     7 |     5 ||    15
Ability: Spit Poison       |    26 |    17 |    61 |    47 |       |       ||   151
    Use: Scroll            |     4 |     2 |     9 |     7 |     8 |     6 ||    36
         Potion            |     2 |     1 |     6 |     1 |     3 |     4 ||    17
 Armour: Leather armour    |     5 |    24 |    63 |    65 |       |       ||   157
         Troll leather arm |       |       |       |       |   323 |   210 ||   533
  Dodge: Dodged            |    12 |    22 |   155 |   192 |  1073 |   711 ||  2165

Table legend:
 A = Non-vault XP
 B = Vault XP
 C = Vault XP percentage of total XP
 D = Non-vault monster count
 E = Vault monster count
 F = Vault count percentage of total count
                 A         B        C        D         E       F
            +---------+---------+-------+---------+---------+-------
      Total |  148894 |   60499 |  28.9 |     615 |     200 |  24.5
            +---------+---------+-------+---------+---------+-------
        D:1 |      49 |       0 |   0.0 |      28 |       0 |   0.0
        D:2 |      45 |     215 |  82.7 |      20 |       2 |   9.1
        D:3 |     112 |     291 |  72.2 |      14 |       2 |  12.5
        D:4 |     353 |     410 |  53.7 |      22 |      16 |  42.1
        D:5 |     682 |     315 |  31.6 |      17 |       3 |  15.0
        D:6 |     767 |     208 |  21.3 |      22 |       1 |   4.3
        D:7 |     308 |     837 |  73.1 |      14 |      12 |  46.2
        D:8 |    1128 |    3729 |  76.8 |      15 |      17 |  53.1
        D:9 |    2182 |    1213 |  35.7 |      23 |       3 |  11.5
       D:10 |    3349 |     800 |  19.3 |      19 |       1 |   5.0
       D:11 |    1404 |    2970 |  67.9 |       5 |      22 |  81.5
       D:12 |    5495 |    1840 |  25.1 |      17 |       6 |  26.1
       D:13 |    5389 |     859 |  13.7 |      11 |       1 |   8.3
       D:14 |    5157 |    1791 |  25.8 |      12 |       3 |  20.0
       D:15 |   17191 |    4489 |  20.7 |      34 |       8 |  19.0
     Lair:1 |    1902 |       0 |   0.0 |      11 |       0 |   0.0
     Lair:2 |    6220 |    1144 |  15.5 |      21 |       4 |  16.0
     Lair:3 |   11036 |    1566 |  12.4 |      23 |       3 |  11.5
     Lair:4 |   13640 |    3232 |  19.2 |      30 |      11 |  26.8
     Lair:5 |   10133 |   13024 |  56.2 |      35 |      26 |  42.6
   Shoals:1 |    6060 |       0 |   0.0 |      11 |       0 |   0.0
   Spider:1 |   18364 |    3411 |  15.7 |      53 |       7 |  11.7
   Spider:2 |    6872 |    1349 |  16.4 |      16 |       1 |   5.9
   Spider:3 |   23388 |    2628 |  10.1 |      49 |      14 |  22.2
      Orc:1 |    4331 |     922 |  17.6 |      53 |       3 |   5.4
      Orc:2 |    3337 |   10211 |  75.4 |      40 |      25 |  38.5
   Gauntlet |       0 |    3045 | 100.0 |       0 |       9 | 100.0
            +---------+---------+-------+---------+---------+-------
